[Event "ICCopen2016"]
[Site "Internet Chess Club"]
[Date "2016.06.04"]
[Round "3"]
[White "minke"]
[Black "crazybishop779"]
[Result "1-0"]
[ICCResult "Black checkmated"]
[WhiteElo "1787"]
[BlackElo "1390"]
[Opening "Ruy Lopez: Berlin defense"]
[ECO "C65"]
[NIC "RL.07"]
[Time "14:23:18"]
[TimeControl "180+0"]

1. e4 e5 2. Nf3 Nc6 3. Bb5 Nf6 4. d3 d6 5. h3 Bd7 6. O-O Qe7 7. c3 O-O-O 8.
Re1 b6 9. Qa4 d5 10. Bxc6 Bxc6 11. Qxc6 dxe4 12. dxe4 Qd6 13. Qxd6 Bxd6 14.
Bg5 Rde8 15. Nbd2 Nd7 16. Nc4 Bc5 17. Be3 Be7 18. Rad1 f6 19. b4 Nb8 20. a4
a6 21. Nh4 g5 22. Nf5 Bf8 23. g3 Nc6 24. b5 Nb8 25. Bc1 a5 26. f4 Bc5+ 27.
Kg2 h5 28. fxe5 fxe5 29. Rd5 Nd7 30. Be3 Bxe3 31. Nfxe3 Rhf8 32. Rf1 Rxf1
33. Kxf1 Rf8+ 34. Nf5 g4 35. hxg4 hxg4 36. Nxe5 Nxe5 37. Rxe5 Rd8 38. Ne7+
Kb7 39. Ke2 Rh8 40. Nc6 Rh2+ 41. Ke3 Ra2 42. Re8 Rxa4 43. Rb8#
{Black checkmated}
1-0

[Event "ICCopen2016"]
[Site "Internet Chess Club"]
[Date "2016.06.04"]
[Round "3"]
[White "KAPAMA3OB"]
[Black "GodspeedR8"]
[Result "1-0"]
[ICCResult "Black resigns"]
[WhiteElo "2705"]
[BlackElo "1936"]
[Opening "Sicilian"]
[ECO "B50"]
[NIC "SI.01"]
[Time "14:24:01"]
[TimeControl "180+0"]

1. e4 c5 2. Nf3 d6 3. c3 Nf6 4. h3 Nc6 5. Bd3 e6 6. Bc2 Be7 7. d4 cxd4 8.
cxd4 O-O 9. Nc3 Nb4 10. Bb1 b6 11. O-O Ba6 12. Re1 Rc8 13. a3 Nc6 14. Bg5
Na5 15. Ne2 Nd7 16. h4 Bxg5 17. hxg5 Bc4 18. Bc2 Qc7 19. Rc1 Qb7 20. Ng3 e5
21. b3 Be6 22. Nh4 exd4 23. Nhf5 Bxf5 24. Nxf5 Qc7 25. Qxd4 Ne5 26. f4 Nac6
27. Qb2 g6 28. Nh6+ Kg7 29. Bb1 Qe7 30. Ng4 Kg8 31. Nf6+ Kg7 32. b4 b5 33.
Nd5 Qd8 34. Rxc6 Rxc6 35. fxe5 dxe5 36. Qxe5+ Kg8 37. Nf6+ Rxf6 38. gxf6
Qb6+ 39. Kh1 Rd8 40. Qf4 Rd4 41. Rc1 Qd8 42. Kh2 Rd6 43. e5 Rd4 44. Qxd4
{Black resigns}
1-0

[Event "ICCopen2016"]
[Site "Internet Chess Club"]
[Date "2016.06.04"]
[Round "3"]
[White "xvannix"]
[Black "Optikk"]
[Result "1-0"]
[ICCResult "Black forfeits on time"]
[WhiteElo "1729"]
[BlackElo "1553"]
[Opening "Queen's pawn game"]
[ECO "D04"]
[NIC "QP.06"]
[Time "14:23:15"]
[TimeControl "180+0"]

1. d4 Nf6 2. Nf3 d5 3. e3 c6 4. Bd3 Bg4 5. O-O Nbd7 6. Nbd2 e5 7. h3 Bxf3 8.
gxf3 Bd6 9. c3 Qc7 10. e4 O-O-O 11. Kg2 Nh5 12. Nb3 exd4 13. Nxd4 Bf4 14.
Ne2 Bxc1 15. Qxc1 g5 16. Ng3 Nf4+ 17. Kh2 h5 18. Qe3 h4 19. Rh1 Ne5 20. Bf1
hxg3+ 21. fxg3 Nh5 22. f4 gxf4 23. gxf4 Nxf4 24. Qxf4 Ng4+ 25. Kg3 Qxf4+ 26.
Kxf4 Nf2 27. h4 Nxh1 28. Bh3+ Kc7 29. Rxh1 Rxh4+ 30. Kg3 Rdh8 31. exd5 cxd5
32. a4 Kd6 33. b4 {Black forfeits on time} 1-0

[Event "ICCopen2016"]
[Site "Internet Chess Club"]
[Date "2016.06.04"]
[Round "3"]
[White "El-Kaiser"]
[Black "BilodeauA"]
[Result "1-0"]
[ICCResult "Black checkmated"]
[WhiteElo "2423"]
[BlackElo "2793"]
[Opening "QGA: Alekhine defense"]
[ECO "D21"]
[NIC "QG.05"]
[Time "14:22:52"]
[TimeControl "180+0"]

1. d4 d5 2. c4 dxc4 3. Nf3 a6 4. a4 Nf6 5. e3 Bg4 6. Bxc4 e6 7. O-O Nc6 8.
h3 Bh5 9. b3 Bd6 10. Bb2 O-O 11. Nbd2 Qe7 12. Rc1 Rfd8 13. Qc2 Bg6 14. Qd1
e5 15. dxe5 Nxe5 16. Nxe5 Bxe5 17. Bxe5 Qxe5 18. Qe2 b5 19. axb5 axb5 20.
Nf3 Qh5 21. Bxb5 Be4 22. Bc6 Bd3 23. Qb2 Bxf1 24. Bxa8 Bxg2 25. Kxg2 Rxa8
26. Rxc7 Qg6+ 27. Kh2 Qe4 28. Ng5 Qd5 29. Nxf7 Rf8 30. Ne5 Ne4 31. f4 Nf6
32. Qc2 Kh8 33. b4 Ne4 34. Rc8 Kg8 35. Rxf8+ Kxf8 36. Qc8+ Ke7 37. Qc7+ Kf6
38. Qc6+ Qxc6 39. Nxc6 Nc3 40. Kg2 g6 41. Kf3 Ke6 42. e4 Kd6 43. Nd4 Nd1 44.
f5 Ke5 45. fxg6 hxg6 46. Nc6+ Kd6 47. Nd4 Ke5 48. Nc6+ Kd6 49. Na5 Ke5 50.
Nc4+ Kd4 51. b5 Nc3 52. b6 Nxe4 53. b7 Ng5+ 54. Kg2 Kxc4 55. b8=Q Kd4 56.
Qf4+ Ne4 57. h4 g5 58. hxg5 Kd5 59. g6 Nd6 60. g7 Nf5 61. Qxf5+ Kd4 62. g8=Q
Ke3 63. Qe8+ Kd2 64. Qfd7+ Kc2 65. Qec8+ Kb1 66. Qdb7+ Ka2 67. Qca8#
{Black checkmated}
1-0

[Event "ICCopen2016"]
[Site "Internet Chess Club"]
[Date "2016.06.04"]
[Round "3"]
[White "Nedwis"]
[Black "CrossShark"]
[Result "1-0"]
[ICCResult "Black checkmated"]
[WhiteElo "2942"]
[BlackElo "2602"]
[Opening "French: Swiss variation"]
[ECO "C11"]
[NIC "FR.04"]
[Time "14:23:00"]
[TimeControl "180+0"]

1. e4 e6 2. d4 d5 3. Nc3 Nf6 4. Bd3 c5 5. exd5 exd5 6. Nf3 Nc6 7. O-O cxd4
8. Nb5 a6 9. Nbxd4 Be7 10. Re1 O-O 11. h3 Re8 12. c3 Bd7 13. Bf4 Qb6 14. Qd2
Rad8 15. Re2 Bc5 16. Rae1 Rxe2 17. Rxe2 Nxd4 18. Nxd4 Ne4 19. Bxe4 dxe4 20.
Rxe4 h6 21. Re1 Qg6 22. Bg3 Bc6 23. Qf4 Qd3 24. Nxc6 bxc6 25. Kh2 Qc2 26. b4
Bd6 27. Qf3 Bxg3+ 28. fxg3 Rd2 29. Qxc6 Qxa2 30. Re8+ Kh7 31. Qe4+ g6 32.
Qa8 Kg7 33. Rg8+ Kf6 34. Qf3+ Ke7 35. Rb8 Qe6 36. c4 Rd7 37. c5 Rc7 38. Rb7
Qd7 39. Qe4+ Kf6 40. Rb6+ Kg7 41. Qe5+ Kh7 42. Rb8 g5 43. Rh8+ Kg6 44. Rg8+
Kh5 45. g4+ Qxg4 46. hxg4+ Kh4 47. Qg3# {Black checkmated} 1-0

[Event "ICCopen2016"]
[Site "Internet Chess Club"]
[Date "2016.06.04"]
[Round "3"]
[White "Danyuffa"]
[Black "Baltimora"]
[Result "1-0"]
[ICCResult "Black resigns"]
[WhiteElo "1930"]
[BlackElo "2304"]
[Opening "French: Winawer, Petrosian variation"]
[ECO "C16"]
[NIC "FR.09"]
[Time "14:23:59"]
[TimeControl "180+0"]

1. e4 e6 2. d4 d5 3. Nc3 Bb4 4. e5 Qd7 5. Bd2 b6 6. h4 h5 7. Rh3 Ne7 8. Nge2
Ba6 9. a3 Bxc3 10. Nxc3 Bxf1 11. Kxf1 Nbc6 12. Ne2 O-O-O 13. Bg5 Rde8 14. b4
Nf5 15. Qd2 a5 16. b5 Na7 17. a4 Kb7 18. Rc1 Rc8 19. c4 dxc4 20. Rhc3 c6 21.
bxc6+ Rxc6 22. Rb1 Rhc8 23. Qd1 Ka8 24. Rb2 R6c7 25. Qb1 Rb7 26. Rxb6 Rxb6
27. Qxb6 Qxa4 28. Rc1 Qb5 29. Qxb5 Nxb5 30. Ra1 Nbxd4 31. Rxa5+ Kb7 32. Nc3
Ra8 33. Rxa8 Kxa8 34. f3 Kb7 35. g4 hxg4 36. fxg4 Nh6 37. Bxh6 gxh6 38. Kf2
Kc6 39. Ke3 Nb5 40. Nxb5 Kxb5 41. h5 c3 42. Kd3 Kc5 43. g5 hxg5 44. h6 g4
45. h7 c2 46. Kxc2 g3 47. h8=Q g2 48. Qg7 Kd5 49. Qxg2+ Kxe5 50. Qg7+ f6 51.
Kd3 Kf5 52. Ke3 e5 53. Qd7+ Kg5 54. Ke4 {Black resigns} 1-0

[Event "ICCopen2016"]
[Site "Internet Chess Club"]
[Date "2016.06.04"]
[Round "3"]
[White "JavaChessMan"]
[Black "ivancele"]
[Result "1-0"]
[ICCResult "Black forfeits on time"]
[WhiteElo "1935"]
[BlackElo "1527"]
[Opening "Pirc: Austrian attack"]
[ECO "B09"]
[NIC "PU.07"]
[Time "14:22:46"]
[TimeControl "180+0"]

1. e4 d6 2. d4 Nf6 3. Nc3 g6 4. f4 c6 5. Nf3 Qc7 6. e5 Nd5 7. Ne4 dxe5 8.
dxe5 Bh6 9. g3 Bg4 10. h3 Bf5 11. Nf2 b5 12. Bg2 O-O 13. O-O Na6 14. c3 Nc5
15. Nd4 Bd7 16. Nxb5 Qb6 17. Nd4 Rad8 18. Qe2 a5 19. Kh2 Bc8 20. Rd1 Ba6 21.
Qf3 e6 22. b3 Bg7 23. Ba3 Rfe8 24. Rac1 Bb7 25. Ne4 Nxe4 26. Qxe4 Qc7 27.
Bc5 Rd7 28. Nf3 f5 29. exf6 Bxf6 30. Ne5 Bxe5 31. fxe5 Rf7 32. c4 Nb4 33.
Rf1 Rxf1 34. Rxf1 {Black forfeits on time} 1-0

[Event "ICCopen2016"]
[Site "Internet Chess Club"]
[Date "2016.06.04"]
[Round "3"]
[White "austin5621499"]
[Black "klodshans"]
[Result "0-1"]
[ICCResult "White forfeits on time"]
[WhiteElo "1258"]
[BlackElo "1587"]
[Opening "French defense"]
[ECO "C00"]
[NIC "FR.01"]
[Time "14:23:31"]
[TimeControl "180+0"]

1. e4 e6 2. Nf3 d5 3. e5 c5 4. c3 Ne7 5. d4 Nd7 6. Be3 Qb6 7. Qc2 Nc6 8. a3
cxd4 9. cxd4 Be7 10. b4 f6 11. Be2 fxe5 12. dxe5 d4 13. Bg5 Ndxe5 14. Bxe7
Nxf3+ 15. Bxf3 Nxe7 16. Bh5+ g6 17. Bf3 O-O 18. O-O e5 19. Nd2 Bf5 20. Be4
Rac8 21. Qd3 Rc3 22. Qb1 Rfc8 23. Bxf5 gxf5 24. Nf3 e4 25. Ne5 R8c7 26. Qd1
d3 27. Qh5 Qf6 28. Qe8+ Kg7 29. Nd7 Qd6 30. Qf8+ Kg6 31. Qe8+ Kg5 32. h3
Qxd7 33. h4+ Kf6 34. Qf8+ Ke6 35. Qh6+ Ng6 36. Qg5 Qe7 {White forfeits on
time} 0-1

[Event "ICCopen2016"]
[Site "Internet Chess Club"]
[Date "2016.06.04"]
[Round "3"]
[White "DaveyJones"]
[Black "bythebook"]
[Result "1-0"]
[ICCResult "Black forfeits on time"]
[WhiteElo "1522"]
[BlackElo "1766"]
[Opening "King's Indian: Petrosian system"]
[ECO "E92"]
[NIC "KI.17"]
[Time "14:23:14"]
[TimeControl "180+0"]

1. c4 Nf6 2. Nc3 g6 3. Nf3 Bg7 4. d4 O-O 5. e4 d6 6. Be2 e5 7. d5 Na6 8. O-O
Nh5 9. a3 Nf4 10. b4 Bg4 11. Bxf4 exf4 12. Nd2 Bxe2 13. Nxe2 Bxa1 14. Qxa1
g5 15. h4 f6 16. hxg5 fxg5 17. Nf3 h6 18. Nfd4 Qf6 19. Qd1 f3 20. gxf3 Qxf3
21. Ne6 Rf6 22. N2d4 Qxe4 23. Qh5 Qg6 24. Qg4 c5 25. dxc6 bxc6 26. c5 dxc5
27. Nxc5 Nxc5 28. bxc5 Rf4 29. Qe6+ Qxe6 30. Nxe6 Re4 31. Nc7 Rc8 32. Na6
Ra4 33. Ra1 Rxa6 34. Kf1 Ra5 35. a4 Rxc5 36. Kg2 Rc2 37. Rf1 Rf8 38. a5
Rfxf2+ 39. Rxf2 Rxf2+ 40. Kxf2 Kf7 41. Kf3 Kf6 42. Ke4 Kg6 43. Ke5
{Black forfeits on time}
1-0

[Event "ICCopen2016"]
[Site "Internet Chess Club"]
[Date "2016.06.04"]
[Round "3"]
[White "Kakarotto"]
[Black "Danya"]
[Result "0-1"]
[ICCResult "White checkmated"]
[WhiteElo "2646"]
[BlackElo "3039"]
[Opening "QGD: Ragozin variation"]
[ECO "D38"]
[NIC "NI.27"]
[Time "14:24:15"]
[TimeControl "180+0"]

1. d4 Nf6 2. c4 e6 3. Nf3 d5 4. Nc3 Bb4 5. cxd5 exd5 6. Bg5 Nbd7 7. e3 h6 8.
Bh4 g5 9. Bg3 Ne4 10. Nd2 Nxg3 11. hxg3 Nb6 12. Bd3 c6 13. a3 Bf8 14. Qc2
Qf6 15. O-O h5 16. e4 h4 17. g4 h3 18. g3 h2+ 19. Kh1 Bxg4 20. f3 Bh3 21.
Rf2 Qxd4 22. Rxh2 Bd6 23. e5 O-O-O 24. Nb3 Qxe5 25. Nb5 Bb8 26. Na5 Qxg3 27.
Nxc6 Bg2+ 28. Qxg2 Rxh2+ 29. Qxh2 Qxh2# {White checkmated} 0-1

[Event "ICCopen2016"]
[Site "Internet Chess Club"]
[Date "2016.06.04"]
[Round "3"]
[White "Red-white"]
[Black "supermouse"]
[Result "1-0"]
[ICCResult "Black resigns"]
[WhiteElo "3059"]
[BlackElo "2677"]
[Opening "Robatsch (modern) defense"]
[ECO "B07"]
[NIC "VO.17"]
[Time "14:23:21"]
[TimeControl "180+0"]

1. e4 d6 2. d4 g6 3. Nc3 Bg7 4. h4 h6 5. h5 g5 6. f4 gxf4 7. Bxf4 Nc6 8. Nf3
Bg4 9. Bb5 a6 10. Bxc6+ bxc6 11. Qd3 f6 12. e5 f5 13. O-O-O e6 14. Rde1 d5
15. Na4 Bf8 16. Nh4 Be7 17. Ng6 Rh7 18. Qc3 Kf7 19. Qxc6 Bxh5 20. Rxh5 Kxg6
21. Qxe6+ Kg7 22. Rxf5 Kh8 23. Rh1 Qc8 24. Qxc8 Rxc8 25. Rfh5 Kg7 26. g4 Kg6
27. Nc3 c6 28. Ne2 Rf7 29. Be3 Bf8 30. Nf4+ Kh7 31. g5 Ne7 32. Ne6 Nf5 33.
gxh6 Be7 34. Rf1 Kg6 35. Rhh1 Nxe3 36. Rhg1+ Ng4 37. Rxg4+ Kh5 38. Rxf7 Kxg4
39. Rxe7 Kf5 40. h7 {Black resigns} 1-0

[Event "ICCopen2016"]
[Site "Internet Chess Club"]
[Date "2016.06.04"]
[Round "3"]
[White "PolishRyszard"]
[Black "DropZone"]
[Result "0-1"]
[ICCResult "White forfeits on time"]
[WhiteElo "1698"]
[BlackElo "2091"]
[Opening "Sicilian: Smith-Morra gambit"]
[ECO "B21"]
[NIC "SI.48"]
[Time "14:23:42"]
[TimeControl "180+0"]

1. e4 c5 2. d4 a6 3. d5 d6 4. c4 b5 5. cxb5 Nf6 6. Nc3 g6 7. b6 Nbd7 8. f4
Bg7 9. Nf3 O-O 10. Be2 Nxb6 11. O-O a5 12. a4 Ba6 13. Bxa6 Rxa6 14. Qe2 Ra8
15. Bd2 Qd7 16. h3 Rfb8 17. Rfd1 Ne8 18. e5 Nc7 19. Be3 Na6 20. Bf2 Nb4 21.
e6 fxe6 22. dxe6 Qb7 23. Ng5 Qa6 24. Qg4 Rf8 25. h4 Qc4 26. h5 Qxf4 27. Qxf4
Rxf4 28. hxg6 hxg6 29. Nh3 Rf5 30. g4 Re5 31. Bg3 Re3 32. Kg2 Nc2 33. Bf2
Rxc3 34. bxc3 Nxa1 35. Rxa1 Bxc3 36. Rb1 Nxa4 37. Nf4 Rf8 38. Nxg6 Rxf2+
{White forfeits on time}
0-1

[Event "ICCopen2016"]
[Site "Internet Chess Club"]
[Date "2016.06.04"]
[Round "3"]
[White "panom"]
[Black "JUGGERNOT"]
[Result "1-0"]
[ICCResult "Black forfeits on time"]
[WhiteElo "1633"]
[BlackElo "1806"]
[Opening "Scandinavian defense"]
[ECO "B01"]
[NIC "SD.03"]
[Time "14:23:27"]
[TimeControl "180+0"]

1. e4 d5 2. exd5 Nf6 3. Nc3 Nxd5 4. Nxd5 Qxd5 5. d4 Nc6 6. Nf3 Bg4 7. c3 e6
8. Be2 O-O-O 9. O-O Bd6 10. h3 Bxf3 11. Bxf3 Qf5 12. Bxc6 bxc6 13. Qa4 Kb7
14. Be3 g5 15. d5 c5 16. Qc6+ Kb8 17. Bxc5 Qxd5 18. Qxd5 exd5 19. Bxd6 Rxd6
20. Rfe1 Rhd8 21. Re7 R8d7 22. Rae1 h5 23. Rxd7 Rxd7 24. Re5 f6 25. Re8+ Kb7
26. Kf1 c5 27. Ke2 Kc6 28. Kd3 g4 29. hxg4 hxg4 30. Rg8 Rb7 31. b3 c4+ 32.
bxc4 dxc4+ 33. Kxc4 Rb2 34. Rxg4 Rxf2 35. a3 a5 36. Kb3 Kb5 37. a4+ Kb6 38.
Rg6 Kc5 39. g4 Rf4 40. g5 Rg4 41. Rxf6 Rxg5 42. Ra6 Rg1 43. Rxa5+ Kb6 44.
Rh5 Rb1+ 45. Kc4 Ra1 46. Kb4 Rb1+ 47. Ka3 Ra1+ 48. Kb3 Rb1+ 49. Ka2 Rc1 50.
Kb2 Rg1 51. Rb5+ Ka6 52. c4 Rg4 53. Kb3 Rg3+ 54. Kb4 Rg1 55. Rh5 Rb1+ 56.
Kc5 Ka5 57. Kd6+ Kxa4 58. c5 Rc1 59. c6 Rd1+ 60. Kc7 Rc1 61. Kb7 Rb1+ 62.
Kc8 Rc1 63. c7 Rc6 64. Kd7 Rc1 65. c8=Q Rd1+ 66. Ke7 Re1+ 67. Qe6 Rxe6+ 68.
Kxe6 Kb4 69. Kd6 Kc3 70. Rd5 Kc4 71. Ke5 Kc3 72. Rd4 Kc2 73. Ke4 Kc3 74. Kd5
Kc2 75. Kc4 Kb2 76. Rd3 Kc2 77. Kd4 Kb2 78. Rc3 Ka2 79. Kc4 Kb2 80. Kb4
{Black forfeits on time}
1-0

[Event "ICCopen2016"]
[Site "Internet Chess Club"]
[Date "2016.06.04"]
[Round "3"]
[White "ChAn"]
[Black "livis"]
[Result "0-1"]
[ICCResult "White resigns"]
[WhiteElo "1509"]
[BlackElo "1939"]
[Opening "French: Steinitz variation"]
[ECO "C11"]
[NIC "FR.04"]
[Time "14:24:17"]
[TimeControl "180+0"]

1. e4 e6 2. d4 d5 3. Nc3 Nf6 4. e5 Nfd7 5. f4 a6 6. Nf3 c5 7. Be3 Nc6 8. Qd2
cxd4 9. Nxd4 Nxd4 10. Bxd4 Bc5 11. Be2 Bxd4 12. Qxd4 Qb6 13. Qxb6 Nxb6 14.
O-O Bd7 15. g4 O-O-O 16. f5 Kb8 17. a4 h5 18. fxe6 Bxe6 19. g5 Rc8 20. Bd3
Nc4 21. b3 Nxe5 22. Nd1 Nxd3 23. cxd3 g6 24. Ne3 Rc3 25. Ng2 Rxd3 26. Nf4
Rxb3 27. Nxe6 fxe6 28. Rf6 Rg8 29. Rxe6 Rb4 30. Re5 d4 31. Rd5 Rc8 32. a5
Rc2 33. Rd6 Rbb2 34. Rxg6 Rg2+ 35. Kh1 Rxh2+ 36. Kg1 Rbg2+ 37. Kf1 h4 38.
Rh6 h3 39. Rxh3 Rf2+ 40. Kg1 Rhg2+ 41. Kh1 Rxg5 42. Rd3 Rf4 43. Rad1 Rh4+
{White resigns}
0-1

[Event "ICCopen2016"]
[Site "Internet Chess Club"]
[Date "2016.06.04"]
[Round "3"]
[White "LastKeks"]
[Black "Dinamit"]
[Result "1-0"]
[ICCResult "Black resigns"]
[WhiteElo "3084"]
[BlackElo "2691"]
[Opening "Sicilian: Najdorf, Byrne (English) attack"]
[ECO "B90"]
[NIC "SI.14"]
[Time "14:23:22"]
[TimeControl "180+0"]

1. e4 c5 2. Nf3 d6 3. d4 cxd4 4. Nxd4 Nf6 5. Nc3 a6 6. Be3 e6 7. g4 Nc6 8.
g5 Nd7 9. Qd2 Be7 10. h4 O-O 11. O-O-O Nxd4 12. Bxd4 b5 13. Kb1 Rb8 14. f4
b4 15. Ne2 e5 16. Be3 Bb7 17. Ng3 exf4 18. Bxf4 Ne5 19. Bxe5 dxe5 20. Qe1
Qc7 21. Nf5 Rfc8 22. Bc4 Bf8 23. b3 Rd8 24. Qe2 Rxd1+ 25. Rxd1 a5 26. Rf1
Bc8 27. Nh6+ gxh6 28. Rxf7 Qxf7 29. Bxf7+ Kxf7 30. Qc4+ Ke8 31. Qc7 Bd6 32.
Qxd6 Rb7 33. Qxe5+ Re7 34. Qxa5 Rxe4 35. Qa8 Re1+ 36. Kb2 Kd8 37. Qa5+ Ke8
38. Qxb4 Re6 39. gxh6 Rxh6 40. a4 Re6 41. a5 h6 42. c4 Kd7 43. Qd2+ Kc7 44.
b4 Bd7 45. b5 Re4 46. Qd5 Re2+ 47. Kc3 Be6 48. b6+ Kc8 49. Qc6+ Kd8 50. b7
{Black resigns}
1-0

[Event "ICCopen2016"]
[Site "Internet Chess Club"]
[Date "2016.06.04"]
[Round "3"]
[White "paulohaddad"]
[Black "WhiteMoon"]
[Result "0-1"]
[ICCResult "White forfeits on time"]
[WhiteElo "1652"]
[BlackElo "2052"]
[Opening "Queen's pawn game, Krause variation"]
[ECO "D02"]
[NIC "QP.08"]
[Time "14:23:05"]
[TimeControl "180+0"]

1. d4 d5 2. Nf3 c5 3. c3 Nc6 4. e3 Bg4 5. Be2 e6 6. O-O Nf6 7. Nbd2 Bd6 8.
h3 Bh5 9. Qc2 Rc8 10. dxc5 Bxc5 11. a3 O-O 12. Bd3 e5 13. Bf5 Bg6 14. Bxg6
hxg6 15. b4 Bb6 16. b5 Na5 17. Nxe5 Qc7 18. Ndf3 Qxc3 19. Qxc3 Rxc3 20. Bd2
Rc2 21. Bb4 Rfc8 22. Nd4 Bxd4 23. exd4 Nc4 24. Rac1 Nxe5 25. Rxc2 Rxc2 26.
dxe5 Ne4 27. Rd1 Rxf2 28. Rxd5 Ra2 29. Rd8+ Kh7 30. Rd7 a6 31. Rxb7 axb5 32.
Rxb5 g5 33. Rb7 Kg6 34. Kh2 Nf2 35. Kg3 Nd1 36. Kg4 Ne3+ 37. Kf3 Nd5 38. Ke4
Nxb4 39. axb4 Rxg2 40. Rb6+ Kh5 41. Rb7 Kg6 42. Rb6+ Kh7 43. Kf5 Rg3 44. Rb7
Rxh3 45. Rxf7 Rf3+ 46. Ke6 Rb3 47. Rf5 Rxb4 48. Rxg5 Kh6 49. Rf5 g6 50. Rf6
Rb6+ 51. Kf7 Rb7+ 52. Ke6 Kh5 53. Rf7 Rb6+ 54. Ke7 g5 {White forfeits on
time} 0-1

[Event "ICCopen2016"]
[Site "Internet Chess Club"]
[Date "2016.06.04"]
[Round "3"]
[White "gannikus1992"]
[Black "zealous"]
[Result "1-0"]
[ICCResult "Black resigns"]
[WhiteElo "2230"]
[BlackElo "1802"]
[Opening "Réti: King's Indian attack, Yugoslav variation"]
[ECO "A07"]
[NIC "QP.09"]
[Time "14:24:03"]
[TimeControl "180+0"]

1. Nf3 d5 2. g3 Nf6 3. Bg2 c6 4. O-O Bg4 5. d4 e6 6. c4 Nbd7 7. Nbd2 Be7 8.
h3 Bf5 9. b3 O-O 10. Bb2 Ne4 11. Rc1 Ndf6 12. Ne5 Nxd2 13. Qxd2 Ne4 14. Qe1
f6 15. Nd3 Qe8 16. f3 h6 17. fxe4 dxe4 18. Nc5 Bxc5 19. dxc5 Qe7 20. Qf2
Rad8 21. Rfd1 Rd7 22. Ba3 Rfd8 23. Rd6 b6 24. Rcd1 bxc5 25. Qxc5 Rxd6 26.
Rxd6 Rxd6 27. Qxd6 Qf7 28. g4 Bg6 29. Qxc6 Kh7 30. Bxe4 f5 31. Bg2 fxg4 32.
hxg4 Qf4 33. Qf3 Qd2 34. Bf8 e5 35. a4 e4 36. Qf2 e3 37. Qf3 Qe1+ 38. Bf1
Qh4 39. Qxe3 Qxg4+ 40. Kf2 Be4 41. Ke1 Qg3+ 42. Qxg3 {Black resigns} 1-0

[Event "ICCopen2016"]
[Site "Internet Chess Club"]
[Date "2016.06.04"]
[Round "3"]
[White "SurferRosa"]
[Black "Imperator15"]
[Result "0-1"]
[ICCResult "White resigns"]
[WhiteElo "2428"]
[BlackElo "2856"]
[Opening "Caro-Kann: Steinitz variation"]
[ECO "B17"]
[NIC "CK.02"]
[Time "14:22:59"]
[TimeControl "180+0"]

1. e4 c6 2. d4 d5 3. Nd2 dxe4 4. Nxe4 Nd7 5. Ng5 Ngf6 6. Bd3 e6 7. N1f3 Bd6
8. Qe2 h6 9. Ne4 Nxe4 10. Qxe4 Nf6 11. Qe2 b6 12. Bd2 Bb7 13. Ne5 Qc7 14. f4
c5 15. Bb5+ Ke7 16. dxc5 Qxc5 17. O-O-O Qc7 18. Bd3 Rhd8 19. Rhe1 Rac8 20.
Kb1 Kf8 21. g4 Nd5 22. g5 hxg5 23. fxg5 Bxe5 24. Qxe5 Qxe5 25. Rxe5 g6 26.
c4 Ne7 27. Bb4 Ke8 28. Ree1 Bf3 29. Rd2 Bg4 30. b3 Rxd3 31. Rxd3 Bf5 32. Kc2
Rd8 33. Re3 Nc6 34. Bc3 e5 35. Kd2 Bxd3 36. Rxd3 Rc8 37. Ke3 Ke7 38. Ke4 Rh8
39. Bxe5 Rh4+ 40. Bf4 Nd8 41. Ke3 Ne6 42. Bg3 Rg4 43. Rd5 Ke8 44. Kf3 Rxg5
45. Rxg5 Nxg5+ 46. Ke3 Ne6 47. Bb8 a6 48. Ba7 b5 49. Ke4 Kd7 50. Kd5 f5 51.
c5 Nd8 52. Bb8 Nc6 53. Bf4 Nb4+ 54. Ke5 Nd3+ 55. Kf6 Nxf4 56. h4 Kc6 57. Kg5
Ng2 58. Kxg6 Nxh4+ {White resigns} 0-1

[Event "ICCopen2016"]
[Site "Internet Chess Club"]
[Date "2016.06.04"]
[Round "3"]
[White "Badigo"]
[Black "Peaceful-Death"]
[Result "1/2-1/2"]
[ICCResult "Game drawn by repetition"]
[WhiteElo "2196"]
[BlackElo "1806"]
[Opening "Ruy Lopez: exchange, Keres variation"]
[ECO "C68"]
[NIC "RL.08"]
[Time "14:23:44"]
[TimeControl "180+0"]

1. e4 e5 2. Nf3 Nc6 3. Bb5 a6 4. Bxc6 dxc6 5. Nc3 Bg4 6. h3 Bxf3 7. Qxf3 Nf6
8. d3 Bb4 9. Bd2 h6 10. O-O-O Qe7 11. Kb1 O-O-O 12. g4 g5 13. Ne2 Bxd2 14.
Rxd2 Nd7 15. Ng3 Nc5 16. Nf5 Qf6 17. Qe3 b6 18. h4 Ne6 19. c3 Nf4 20. d4 Kb7
21. f3 a5 22. Qf2 Rd7 23. Rhd1 exd4 24. cxd4 Rhd8 25. a3 Ne6 26. hxg5 hxg5
27. d5 cxd5 28. exd5 Nf4 29. Qe3 Rxd5 30. Qe4 c6 31. Rxd5 cxd5 32. Qe3 Rd7
33. Rc1 d4 34. Qd2 d3 35. Rc3 Qe5 36. Ne3 Re7 37. Nc4 Qe1+ 38. Ka2 Qxd2 39.
Nxd2 Re2 40. Ne4 d2 41. Nd6+ Ka6 42. Rc8 b5 43. Rc6+ Ka7 44. Rc7+ Kb8 45.
Rc8+ Ka7 46. Rc7+ Kb8 47. Rc8+ Ka7 48. Rc7+ Ka6 49. Rc6+ Ka7 50. Rc7+ Kb8
51. Rc8+ {Game drawn by repetition} 1/2-1/2

[Event "ICCopen2016"]
[Site "Internet Chess Club"]
[Date "2016.06.04"]
[Round "3"]
[White "jergus"]
[Black "MoonlightWizard"]
[Result "0-1"]
[ICCResult "White checkmated"]
[WhiteElo "2542"]
[BlackElo "2934"]
[Opening "French: Tarrasch, Guimard main line"]
[ECO "C04"]
[NIC "FR.15"]
[Time "14:23:11"]
[TimeControl "180+0"]

1. e4 e6 2. d4 d5 3. Nd2 Nc6 4. Ngf3 Nf6 5. Bd3 Nb4 6. O-O Nxd3 7. cxd3 Be7
8. Re1 O-O 9. Nb3 b6 10. Bf4 Bb7 11. Rc1 Rc8 12. Qc2 c5 13. dxc5 bxc5 14.
exd5 exd5 15. Na5 Ba8 16. Qa4 Re8 17. Ne5 d4 18. Nac6 Qd5 19. Nxe7+ Rxe7 20.
Nf3 Rxe1+ 21. Nxe1 Re8 22. Nf3 Qf5 23. Bg3 Bxf3 24. gxf3 h5 25. Qxa7 Qxf3
26. Qxc5 Qxd3 27. a4 Qe4 28. a5 h4 29. f3 Qxf3 30. Rf1 Qe4 31. Re1 Qg4 32.
Rxe8+ Nxe8 33. Qe5 Nf6 34. a6 hxg3 35. a7 gxh2+ 36. Kxh2 Qh4+ 37. Kg2 Qg4+
38. Kf2 Ne4+ 39. Kf1 Qf3+ 40. Ke1 Qf2+ 41. Kd1 Qd2# {White checkmated} 0-1

[Event "ICCopen2016"]
[Site "Internet Chess Club"]
[Date "2016.06.04"]
[Round "3"]
[White "Sebs"]
[Black "totus"]
[Result "0-1"]
[ICCResult "White checkmated"]
[WhiteElo "2986"]
[BlackElo "2353"]
[Opening "Nimzovich-Larsen attack"]
[ECO "A01"]
[NIC "VO.08"]
[Time "14:23:42"]
[TimeControl "180+0"]

1. b3 d6 2. Bb2 Nd7 3. f4 Ngf6 4. e3 g6 5. Nf3 Bg7 6. Be2 O-O 7. O-O b6 8.
c4 Bb7 9. Nc3 c5 10. Rc1 a6 11. h3 Ne4 12. Qe1 Nxc3 13. Bxc3 Bxc3 14. dxc3
e6 15. Rd1 Nf6 16. Bd3 Be4 17. Be2 Bc6 18. g4 Ne4 19. Bd3 f6 20. Bc2 Qc7 21.
Qh4 Rad8 22. Bxe4 Bxe4 23. Nd2 Bc6 24. Kh2 d5 25. g5 f5 26. cxd5 Bxd5 27.
Qf2 e5 28. Kg3 Rfe8 29. c4 Bc6 30. Nf3 Bxf3 31. Qxf3 e4 32. Qe2 Rxd1 33.
Rxd1 Rd8 34. h4 Rd6 35. Rd5 Rxd5 36. cxd5 b5 37. Qd1 Qd6 38. h5 gxh5 39. Kh4
c4 40. bxc4 bxc4 41. Kxh5 c3 42. Qb3 c2 43. Qxc2 Qxd5 44. Qc8+ Kg7 45. Qc7+
Kg8 46. Qc8+ Kg7 47. Qxa6 Qd1+ 48. Kh4 Qg4# {White checkmated} 0-1

[Event "ICCopen2016"]
[Site "Internet Chess Club"]
[Date "2016.06.04"]
[Round "3"]
[White "hawkstorm"]
[Black "cyborg86"]
[Result "0-1"]
[ICCResult "White checkmated"]
[WhiteElo "1565"]
[BlackElo "1999"]
[Opening "French: Winawer, advance, Bogolyubov variation"]
[ECO "C17"]
[NIC "FR.10"]
[Time "14:23:51"]
[TimeControl "180+0"]

1. e4 e6 2. d4 d5 3. Nc3 Bb4 4. e5 c5 5. Bd2 Ne7 6. f4 cxd4 7. Nb5 Bxd2+ 8.
Qxd2 O-O 9. Nf3 Nbc6 10. Bd3 a6 11. Nd6 Qc7 12. O-O Bd7 13. g4 f6 14. Rae1
fxe5 15. fxe5 Nxe5 16. Nxe5 Qxd6 17. Nxd7 Qxd7 18. Qg5 Nc6 19. Qh4 g6 20.
Qh6 Rxf1+ 21. Rxf1 Qg7 22. Qg5 Rf8 23. a3 Rxf1+ 24. Kxf1 e5 25. Be2 Qf7+ 26.
Kg2 e4 27. h4 d3 28. cxd3 Nd4 29. Bd1 Ne6 30. Qe3 exd3 31. Kg1 Nf4 32. Bf3
d4 33. Qxd4 Ne2+ 34. Bxe2 dxe2 35. Qd8+ Kg7 36. Qd4+ Qf6 37. Qxf6+ Kxf6 38.
Kf2 Ke5 39. Kxe2 Kf4 40. h5 Kxg4 41. hxg6 hxg6 42. Kd3 Kf3 43. Kd4 g5 44.
Kc5 g4 45. Kb6 g3 46. Kxb7 a5 47. Ka6 a4 48. Ka5 g2 49. Kxa4 g1=Q 50. b4 Ke4
51. Ka5 Kd5 52. a4 Qa7+ 53. Kb5 Qb7+ 54. Ka5 Kc4 55. b5 Qa7# {White
checkmated} 0-1